 Dungeon Crawl Stone Soup version 0.25.0-1-g7eea58d2a3 (webtiles) character file.

Game seed: 4525548114445497121

261 Gwenloh the Conjurer (level 6, 0/35 HPs)
             Began as a Kobold Conjurer on June 14, 2020.
             Slain by a scorpion (8 damage)
             ... on level 4 of the Dungeon.
             The game lasted 00:12:34 (3970 turns).

Gwenloh the Conjurer (Kobold Conjurer)              Turns: 3970, Time: 00:12:34

Health: 0/35       AC:  2    Str:  5    XL:     6   Next: 42%
Magic:  2/10       EV: 16    Int: 19    God:
Gold:   122        SH:  0    Dex: 15    Spells: 1/11 levels left

rFire    . . .     SeeInvis .   b - +0 dagger
rCold    . . .     Gourm    .   (shield restricted)
rNeg     . . .     Faith    .   a - +0 robe
rPois    .         Spirit   .   (no helmet)
rElec    .         Reflect  .   (no cloak)
rCorr    .         Harm     .   (no gloves)
MR       .....                  (no boots)
Stlth    +++.......             (no amulet)
HPRegen  0.11/turn              (no ring)
MPRegen  0.12/turn              (no ring)

@: no status effects
A: small, carnivore
a: no special abilities


You were on level 4 of the Dungeon.
You were very full.

You visited 1 branch of the dungeon, and saw 4 of its levels.

You collected 122 gold pieces.

Inventory:

Hand Weapons
 b - a +0 dagger (weapon)
Armour
 a - a +0 robe (worn)
Jewellery
 f - an uncursed amulet of magic regeneration {unknown}
Scrolls
 e - 2 scrolls of teleportation {unknown}
 g - a scroll of blinking {unknown}
 i - a scroll of identify {unknown}
Potions
 d - a potion of heal wounds {unknown}
 h - a potion of curing
 j - a potion of cancellation {unknown}
 k - 2 potions of lignification {unknown}
 l - a potion of flight {unknown}
Comestibles
 c - 5 rations


   Skills:
 + Level 2.2 Fighting
 + Level 3.7 Dodging
 + Level 4.4 Stealth
 + Level 3.3 Spellcasting
 * Level 5.2 Conjurations


You had one spell level left.
You knew the following spells:

 Your Spells              Type           Power        Failure   Level  Hunger
a - Magic Dart            Conj           ###.         1%          1    None
b - Searing Ray           Conj           ###...       2%          2    ##.....
c - Dazzling Flash        Conj/Hex       ##....       16%         3    ###....
d - Fulminant Prism       Conj/Hex       ##........   45%         4    ####...

Your spell library contained the following spells:

 Spells                   Type           Power        Failure   Level  Hunger
 Iskenderun's Mystic Bla  Conj/Tloc      ##......     45%         4    ####...


Dungeon Overview and Level Annotations

Branches:
Dungeon (4/15)
 Temple: D:4-7

Altars:
Nemelex Xobeh
Trog


Innate Abilities, Weirdness & Mutations

You are small and have problems with some larger weapons.
You are carnivorous and can eat meat at any time.


Message History

You hit the scorpion but do no damage.
The scorpion is almost dead.
The scorpion stings you!
* * * LOW HITPOINT WARNING * * *
You hit the scorpion but do no damage.
The scorpion is almost dead.
The scorpion misses you.
You closely miss the scorpion.
The scorpion is almost dead.
The scorpion barely misses you.
You closely miss the scorpion.
The scorpion is almost dead.
The scorpion barely misses you.
You hit the scorpion but do no damage.
The scorpion is almost dead.
The scorpion barely misses you.
You hit the scorpion.
The scorpion is almost dead.
The scorpion stings you!
You die...

###########
......s@..#
.########.# #.#
#.# ##.# ##..#
##...##.. ##
########........#
...
#....<.........#.
.


You could see a scorpion.

Vanquished Creatures
  A bullfrog (D:3)
  A scorpion (D:2)
  A worker ant (D:2)
  4 adders
  2 oozes
  A worm (D:2)
  3 dart slugs
  2 leopard geckos
  5 orcs (D:3)
  7 bats
  A giant cockroach (D:2)
  6 goblins
  9 hobgoblins
  4 jackals (D:1)
  3 quokkas
  5 frilled lizards
  8 kobolds
  3 rats (D:3)
66 creatures vanquished.

Notes
Turn   | Place    | Note
-------+----------+-------------------------------------------
     0 | D:1      | Gwenloh the Kobold Conjurer began the quest for the Orb.
     0 | D:1      | Reached XP level 1. HP: 10/10 MP: 3/3
   214 | D:1      | Reached XP level 2. HP: 16/16 MP: 0/5
   271 | D:1      | Learned a level 2 spell: Searing Ray
   803 | D:1      | Reached XP level 3. HP: 20/20 MP: 4/6
   827 | D:1      | Learned a level 3 spell: Dazzling Flash
  1069 | D:1      | Reached skill level 1 in Fighting
  1449 | D:2      | Reached XP level 4. HP: 23/25 MP: 0/7
  1519 | D:2      | Found a sparkling altar of Nemelex Xobeh.
  1597 | D:2      | Reached XP level 5. HP: 29/29 MP: 5/9
  2424 | D:2      | Reached skill level 5 in Conjurations
  3203 | D:3      | Learned a level 4 spell: Fulminant Prism
  3306 | D:3      | Reached XP level 6. HP: 35/35 MP: 7/10
  3576 | D:3      | Noticed a phantom
  3909 | D:4      | Found a bloodstained altar of Trog.
  3970 | D:4      | Slain by a scorpion

Illustrated notes

Levels and vault maps discovered:
D:1:      nzn_arrival_crosshair, layout_loops_ring, minivault_4,
          minmay_curled_crystal, minmay_pentomino_t4
D:2:      layout_basic, lemuel_crystal_altar
D:3:      layout_loops_cross
D:4:      layout_loops_ring, old_standard_altar, kennysheep_little_box,
          minmay_temple_entry_mini_moons, uniq_sigmund, uniq_duvessa

Skill      XL: |  1  2  3  4  5 |
---------------+----------------+-----
Stealth        | 3 4 |  4.4
Fighting       | 1 2 |  2.2
Dodging        | 3 |  3.7
Spellcasting   | 3 |  3.3
Conjurations   | 5 |  5.2

Action                   |  1- 3 |  4- 6 || total
-------------------------+-------+-------++-------
Melee: Dagger            |     9 |    23 ||    32
 Cast: Magic Dart        |    55 |    76 ||   131
       Searing Ray       |     3 |     8 ||    11
  Use: Potion            |       |     1 ||     1
  Eat: Chunk             |    10 |     8 ||    18
Dodge: Dodged            |    13 |    27 ||    40
